 Dungeon Crawl Stone Soup version 0.22-a0-181-gb22368a (webtiles) character file.

144 KristoblXynda the Sneak (level 5, -4/31 HPs)
             Began as an Octopode Enchanter on Feb 14, 2018.
             Slain by a gnoll
             ... wielding a +0 whip
              (6 damage)
             ... on level 2 of the Dungeon.
             The game lasted 00:04:40 (2048 turns).

KristoblXynda the Sneak (Octopode Enchanter)        Turns: 2048, Time: 00:04:41

Health: -4/31      AC:  1    Str:  8    XL:     5   Next: 27%
Magic:  2/9        EV: 13    Int: 18    God:
Gold:   79         SH:  0    Dex: 12    Spells: 5/10 levels left

rFire    . . .     SeeInvis .   a - +1 dagger
rCold    . . .     Gourm    .   (no shield)
rNeg     . . .     Faith    .   (helmet restricted)
rPois    +         Spirit   .   (no amulet)
rElec    .         Reflect  .   i - ring of poison resistance
rCorr    .         Harm     .   (no ring)
MR       .....                  (no ring)
Stlth    ++++......             (no ring)
HPRegen  0.10/turn              (no ring)
MPRegen  0.11/turn              (no ring)
                                (no ring)
                                (no ring)

@: hasted, very quick
A: almost no armour, stealthy swim, amphibious, 8 rings, constrict 8, camouflage
1, gelatinous body 1
a: no special abilities


You were on level 2 of the Dungeon.
You were hungry.

You visited 1 branch of the dungeon, and saw 2 of its levels.

You collected 79 gold pieces.

Inventory:

Hand Weapons
 a - a +1 dagger (weapon)
Jewellery
 i - a ring of poison resistance (left tentacle)
Potions
 d - a potion of degeneration {unknown}
 g - a potion of brilliance
 h - a potion of resistance
 k - a potion of agility
Books
 b - a book of Maledictions

   Spells                             Type                      Level
   a - Corona                         Hexes                        1
   b - Ensorcelled Hibernation        Hexes/Ice                    2
   c - Confuse                        Hexes                        3
   d - Tukima's Dance                 Hexes                        3
   e - Dazzling Spray                 Conjuration/Hexes            3
Comestibles
 c - 7 rations


   Skills:
 - Level 1.0 Short Blades
 - Level 2.0 Dodging
 + Level 5.7 Stealth
 + Level 3.2 Spellcasting
 + Level 4.1 Hexes


You had 5 spell levels left.
You knew the following spells:

 Your Spells              Type           Power        Failure   Level  Hunger
b - Ensorcelled Hibernat  Hex/Ice        ##....       11%         2    ##.....
c - Confuse               Hex            ###.....     9%          3    ###....


Dungeon Overview and Level Annotations

Branches:
Dungeon (2/15)

Altars:


Innate Abilities, Weirdness & Mutations

You cannot wear most types of armour.
You are very stealthy in the water. (Stealth+)
You are amphibious.
You can wear up to eight rings at the same time.
You can use your tentacles to constrict eight enemies at once.
Your skin changes colour to match your surroundings (Stealth+).
Your rubbery body absorbs attacks. (AC +1, EV +1)


Message History

You constrict the gnoll. The gnoll hits you with a whip.
You hit the gnoll but do no damage.
The gnoll is moderately wounded.
You constrict the gnoll, but do no damage.
The gnoll hits you with a whip.
You barely miss the gnoll.
The gnoll is moderately wounded.
You constrict the gnoll.
You release your grip on the gnoll.
You see here 19 arrows.
The gnoll hits you with a whip.
* * * LOW HITPOINT WARNING * * *
Okay, then.
Okay, then.
As you read the scroll of identify, it crumbles to dust.
e - a potion of haste The gnoll hits you with a whip.
* * * LOW HITPOINT WARNING * * *
You feel yourself speed up. The gnoll hits you with a whip.
You die...

####.### #)# #.###.....#######
#...### ##.# #.##.............
###(..# #..# #.##..÷....######
###.###.## #.##.......# ##
#.##..# #..##.....##
.#######.##..# ##.#.......#
......##..#..# #.#.......#####
#####..##...######.............#
##........g.@g........>....#
###..#.....###.##.........#
####.......####.####.......#
##.....###....##(####.......#
###..##.## #.........##.......#
#<..###.# ###.....#.)#.......#
#....)..# ####..##.#########
##.......# #.....# ........##
##†##....#


You could see a gnoll and a hobgoblin (wandering).

Vanquished Creatures
  2 gnolls (D:2)
  7 adders (D:2)
  3 dart slugs
  3 leopard geckos
  A giant cockroach (D:2)
  6 goblins
  6 hobgoblins
  10 jackals
  A quokka (D:2)
  2 bats
  2 frilled lizards (D:1)
  7 kobolds
  3 rats (D:2)
53 creatures vanquished.

Notes
Turn   | Place    | Note
-------+----------+-------------------------------------------
     0 | D:1      | KristoblXynda the Octopode Enchanter began the quest for the Orb.
     0 | D:1      | Reached XP level 1. HP: 11/11 MP: 3/3
    94 | D:1      | Reached XP level 2. HP: 17/17 MP: 5/5
   533 | D:1      | Learned a level 2 spell: Ensorcelled Hibernation
   703 | D:1      | Reached XP level 3. HP: 19/21 MP: 6/6
   903 | D:1      | Learned a level 3 spell: Confuse
  1040 | D:2      | Reached skill level 5 in Stealth
  1040 | D:2      | Reached XP level 4. HP: 15/27 MP: 0/8
  1662 | D:2      | Reached XP level 5. HP: 11/31 MP: 0/9
  2048 | D:2      | Slain by a gnoll

Vault maps used:
D:1:      minmay_arrival_widening_spiral_wide
D:2:      kennysheep_generic_room_2

Skill      XL: |  1  2  3  4 |
---------------+-------------+-----
Stealth        | 5 |  5.7
Spellcasting   | 3 |  3.2
Hexes          | 4 |  4.1
Short Blades   | |  1.0
Dodging        | |  2.0

Action                   |  1- 3 |  4- 6 || total
-------------------------+-------+-------++-------
Melee: Dagger            |    70 |    60 ||   130
       Constrict         |    18 |    11 ||    29
       Tentacles         |    11 |     4 ||    15
 Cast: Ensorcelled Hiber |     3 |    20 ||    23
  Use: Scroll            |     1 |     6 ||     7
       Potion            |     1 |     2 ||     3
 Stab: Sleeping          |     7 |    10 ||    17
  Eat: Chunk             |       |     4 ||     4
Armor: Skin              |     6 |     5 ||    11
Dodge: Dodged            |    38 |    61 ||    99

Table legend:
 A = Spawn XP
 B = Non-spawn XP
 C = Spawn XP percentage of total XP
 D = Spawn monster count
 E = Non-spawn monster count
 F = Spawn count percentage of total count
 G = Total turns spent on level
                    A         B        C        D         E        F      G
               +---------+---------+-------+---------+---------+-------+---------
         Total |       0 |     207 |   0.0 |       0 |      53 |   0.0 |  2048
               +---------+---------+-------+---------+---------+-------+---------
           D:1 |       0 |      46 |   0.0 |       0 |      23 |   0.0 |   912
           D:2 |       0 |     161 |   0.0 |       0 |      30 |   0.0 |  1136
               +---------+---------+-------+---------+---------+-------+---------
